 Dungeon Crawl Stone Soup version 0.29.0-4-gdea44cf6ec (webtiles) character file.

Game seed: 8660993358195020473

368181 greasedhog the Hoplite (level 22, -29/148 HPs)
             Began as a Gargoyle Fighter on Aug 27, 2022.
             Was the Champion of Okawaru.
             Killed from afar by an ancient lich (94 damage)
             ... with a crystal spear
             ... on level 4 of the Vaults.
             The game lasted 01:42:49 (56480 turns).

greasedhog the Hoplite (Gargoyle Fighter)          Turns: 56480, Time: 01:42:50

Health: -29/148    AC: 62    Str: 33    XL:     22   Next: 60%
Magic:  32/32      EV: 22    Int: 11    God:    Okawaru [******]
Gold:   4314       SH: 44    Dex: 22    Spells: 21/21 levels left

rFire   . . .      SeeInvis .   L - +11 eveningstar "Nujergho" {drain, Dex+3}
rCold   . . .      Faith    .   P - +8 tower shield
rNeg    + . .      Spirit   .   h - +13 plate armour of Decompression {rElec Dex+3}
rPois   ∞          Reflect  +   (helmet restricted)
rElec   +          Harm     .   Q - +2 cloak of Sehec {Dex+5}
rCorr   .          Rampage  ∞   g - +3 pair of gauntlets of War {Slay+5}
Will    ++...      Rage     3%  j - +3 pair of seven-league boots {Rampage+∞}
Stlth   ..........              T - amulet of reflection
HPRegen 0.34/turn               U - ring of willpower
MPRegen 0.23/turn               B - +6 ring of strength

@: heroic, on berserk cooldown, flying, slowed, very slow
A: sickness immunity, AC +16, big wings, negative energy resistance 1,
electricity resistance, torment resistance 1, petrification resistance, horns 1,
large bone plates 1, berserk 1
}: 2/15 runes: decaying, gossamer
a: Renounce Religion, Heroism, Finesse, Duel


You were on level 4 of the Vaults.
You worshipped Okawaru.
Okawaru was exalted by your worship.
You visited 8 branches of the dungeon, and saw 40 of its levels.
You visited 1 bazaar.
You also visited: Trove, Sewer and Bailey.

You collected 6577 gold pieces.
You spent 2263 gold pieces at shops.

Inventory:

Hand Weapons
 L - the +11 eveningstar "Nujergho" (weapon) {drain, Dex+3}
   (Okawaru gifted it to you on level 5 of the Lair of Beasts)

   A truly terrible weapon, it drains the life of any living foe it strikes.
   Dex:       It affects your dexterity (+3).
 X - a +1 demon whip of venom
Armour
 g - the +3 pair of gauntlets of War (worn) {Slay+5}
   (You found it in a treasure trove)

   Slay:      It affects your accuracy & damage with ranged weapons and melee
   (+5).
 h - the +13 plate armour of Decompression (worn) {rElec Dex+3}
   (You acquired it on level 10 of the Dungeon)

   Dex:       It affects your dexterity (+3).
   rElec:     It insulates you from electricity.
 j - the +3 pair of seven-league boots (worn) {Rampage+∞}
   (You found it on level 3 of the Lair of Beasts)

   Its wearer moves as far as possible in that direction when moving towards
   enemies.
 r - a +2 helmet of see invisible
 E - the +8 chain mail of Bedevilment {+Blink rPois Str+2}
   (You found it on level 4 of the Depths)

   Str:       It affects your strength (+2).
   rPois:     It protects you from poison.
   +Blink:    It lets you blink.
 G - the +0 pair of boots of Qiefus {rC+ Dex+2}
   (Okawaru gifted it to you on level 2 of the Lair of Beasts)

   Dex:       It affects your dexterity (+2).
   rC:        It protects you from cold.
 P - a +8 tower shield (worn)
 Q - the +2 cloak of Sehec (worn) {Dex+5}
   (Okawaru gifted it to you on level 2 of the Spider Nest)

   Dex:       It affects your dexterity (+5).
Jewellery
 b - a ring of fire
 e - an amulet of faith
 x - a ring of willpower
 z - an amulet of regeneration
 B - a +6 ring of strength (right hand)
 M - a ring of resist corrosion
 R - a +4 ring of slaying
 T - an amulet of reflection (around neck)
 U - a ring of willpower (left hand)
Wands
 d - a wand of flame (85)
 f - a wand of paralysis (23)
 l - a wand of digging (40)
 v - a wand of quicksilver (29)
 y - a wand of polymorph (6)
 C - a wand of iceblast (13)
Scrolls
 a - 14 scrolls of identify
 i - 6 scrolls of enchant armour
 k - 6 scrolls of immolation
 o - 3 scrolls of magic mapping
 p - 3 scrolls of silence
 q - 5 scrolls of amnesia
 s - 14 scrolls of teleportation
 u - 3 scrolls of poison
 A - 2 scrolls of brand weapon
 K - a scroll of blinking
 S - a scroll of enchant weapon
Potions
 c - 4 potions of invisibility
 m - 7 potions of heal wounds
 n - 2 potions of haste
 t - 6 potions of curing
 D - 9 potions of might
 F - 9 potions of ambrosia
 I - 12 potions of attraction
 J - 3 potions of mutation
 N - 5 potions of resistance
 W - 2 potions of magic
Miscellaneous
 w - a condenser vane
 H - a lightning rod (4/4)


   Skills:
 * Level 18.7(23.7) Fighting
 - Level 16.0(21.0) Maces & Flails
 - Level 15.1(20.1) Armour
 * Level 14.9(19.9) Dodging
 - Level 21.5(26.5) Shields
 - Level 14.1 Invocations
 - Level 10.0 Evocations


You had 21 spell levels left.
You didn't know any spells.
Your spell library contained the following spells:

 Spells                   Type           Power      Damage    Failure   Level
 Apportation              Tloc           0%         N/A       80%         1
 Beastly Appendage        Tmut           0%         N/A       80%         1
 Freeze                   Ice            0%         1d3       80%         1
 Necrotise                Necr           0%         1d4       80%         1
 Slow                     Hex            0%         N/A       80%         1
 Sting                    Tmut/Pois      0%         1d3       80%         1
 Blink                    Tloc           0%         N/A       90%         2
 Ensorcelled Hibernation  Hex/Ice        0%         N/A       90%         2
 Poisonous Vapours        Pois/Air       0%         N/A       90%         2
 Static Discharge         Conj/Air       0%         3-3/arc   90%         2
 Wereblood                Tmut           0%         N/A       90%         2
 Confusing Touch          Hex            0%         N/A       99%         3
 Frozen Ramparts          Ice            0%         1d1       99%         3
 Gell's Gravitas          Tloc           0%         N/A       99%         3
 Ignite Poison            Fire/Tmut/Pois 0%         N/A       99%         3
 Lesser Beckoning         Tloc           0%         N/A       99%         3
 Portal Projectile        Hex/Tloc       0%         N/A       99%         3
 Spider Form              Tmut/Pois      0%         N/A       99%         3
 Teleport Other           Tloc           0%         N/A       99%         3
 Vampiric Draining        Necr           0%         2d6       99%         3
 Anguish                  Hex/Necr       0%         N/A       100%        4
 Corpse Rot               Necr/Pois/Air  0%         N/A       100%        4
 Dispel Undead            Necr           0%         3d6       100%        4
 Hailstorm                Conj/Ice       0%         3d3       100%        4
 Ice Form                 Ice/Tmut       0%         N/A       100%        4
 Leda's Liquefaction      Hex/Erth       0%         N/A       100%        4
 Olgreb's Toxic Radiance  Pois           0%         N/A       100%        4
 Passage of Golubria      Tloc           0%         N/A       100%        4
 Petrify                  Tmut/Erth      0%         N/A       100%        4
 Sticky Flame             Conj/Fire      0%         2d3       100%        4
 Alistair's Intoxication  Tmut/Pois      0%         N/A       100%        5
 Blade Hands              Tmut           0%         N/A       100%        5
 Fireball                 Conj/Fire      0%         3d3       100%        5
 Irradiate                Conj/Tmut      0%         3d11      100%        5
 Iskenderun's Battlesphe  Conj           0%         2d6       100%        5
 Lee's Rapid Deconstruct  Erth           0%         3d5*      100%        5
 Manifold Assault         Tloc           0%         N/A       100%        5
 Yara's Violent Unravell  Hex/Tmut       0%         3d3       100%        5
 Dispersal                Tloc           0%         N/A       100%        6
 Iron Shot                Conj/Erth      0%         9d1       100%        6
 Storm Form               Tmut/Air       0%         N/A       100%        7
 Lehudib's Crystal Spear  Conj/Erth      0%         10d2      100%        8
 Maxwell's Capacitive Co  Air            0%         ∞         100%        8
 Necromutation            Tmut/Necr      0%         N/A       100%        8
 Summon Small Mammal      Summ           Unusable   N/A       N/A         1
 Sublimation of Blood     Necr           Unusable   N/A       N/A         2
 Call Canine Familiar     Summ           Unusable   N/A       N/A         3
 Tukima's Dance           Hex            Unusable   N/A       N/A         3
 Summon Ice Beast         Ice/Summ       Unusable   N/A       N/A         4
 Summon Lightning Spire   Summ/Air       Unusable   N/A       N/A         4
 Death Channel            Necr           Unusable   N/A       N/A         6
 Simulacrum               Ice/Necr       Unusable   N/A       N/A         6
 Statue Form              Tmut/Erth      Unusable   N/A       N/A         6
 Spellforged Servitor     Conj/Summ      Unusable   N/A       N/A         7

Dungeon Overview and Level Annotations

Branches:
Dungeon (15/15)            Temple (1/1) D:4            Lair (5/5) D:9
  Swamp (4/4) Lair:2       Spider (4/4) Lair:3        Slime (0/5) Lair:5
    Orc (2/2) D:10            Elf (0/3) Orc:2        Vaults (5/5) D:14
  Crypt (0/3) Vaults:3     Depths (4/4) D:15            Zot (0/5) Depths:4
  Sewer (visited)          Bailey (visited)

Altars:
Ashenzari
Cheibriados
Dithmenos
Elyvilon
Fedhas
Gozag
Hepliaklqana
Kikubaaqudgha
Makhleb
Nemelex Xobeh
Okawaru
Qazlal
Ru
Sif Muna
Trog
Uskayaw
Vehumet
Wu Jian
Xom
Yredelemnul
Zin
The Shining One
Jiyva

Shops:
D:10 ?   Orc:2 [!((   Vaults:4 *

Portals:
Hell: Depths:1 Depths:2 Depths:3 Depths:4
Abyss: Depths:1 Depths:3
Pandemonium: Depths:2 Depths:3
Ziggurat: Depths:4

Annotations:
D:4 1 runed translucent door
D:10 3 runed translucent doors, Godmorgon's ghost, journeyman GnWn
D:14 3 runed translucent doors, Qymaymp's ghost, adept GrEE


Innate Abilities, Weirdness & Mutations

You are immune to sickness and miasma.
Your stone body is resilient. (AC +16)
You are immune to poison.
Your large and strong wings let you fly.
You resist negative energy. (rN+)
You are resistant to electric shocks. (rElec)
You are resistant to unholy torment.
You are immune to petrification.
You have a pair of small horns on your head.
You are partially covered in large bone plates. (SH +4)
You sometimes lose your temper in combat.


Message History

You block the vault guard's attack. x2; The vault guard completely misses you.
The vault guard closely misses you.
The vault guard hits you but does no damage.
Something touches you but does no damage.
The war gargoyle barely misses you.
You block the quicksilver dragon's attack.
The quicksilver dragon misses you.
You sock the quicksilver dragon!
You kill the quicksilver dragon!
Okawaru accepts your kill.
The quicksilver dragon scales are intact enough to wear.
Something touches you but does no damage.
You block the war gargoyle's attack. You block the vault guard's attack. x4
The vault guard hits you but does no damage.
You closely miss something. You headbutt something.
Something touches you but does no damage.
You block the war gargoyle's attack. You block the vault guard's attack. x3
The vault guard hits you but does no damage.
The vault guard misses you.
Something touches you but does no damage.
The war gargoyle hits you but does no damage.
You bludgeon something!! Something touches you!
You block the vault guard's attack. x2; The vault guard barely misses you.
You block the vault guard's attack.
The vault guard hits you but does no damage.
The war gargoyle hits you but does no damage.
Unknown command.
You puncture something! Your headbutt misses something.
You block something's attack. You block the war gargoyle's attack.
You block the vault guard's attack.
The vault guard hits you but does no damage. x2
You block the vault guard's attack. The vault guard completely misses you.
Something touches you!
You bludgeon something!! Your headbutt misses something.
The war gargoyle barely misses you.
You hear some strange, mumbled words.
A crystal spear appears from out of thin air!
The crystal spear hits you!!!!
Ouch! That really hurt!
You die...

.....'.....# #.......# #..#
.....#.....# #.......# #..#
######.....# ######### ###..##
#.....# ##.#..#.
#.....########### #.......
#.....#.........# ###....#
#.....'.........# ######
#.....#...p[p...# #
######.....#...{@p...# ##
.)..)[.[...#...pp9...# #.
#....#.....#.........# #.
#....#.....#.........# #.
#....#.....#.........# ##
.###.#.....#.........# #
..#..#.....####+#################
.###.#.....................(.....
#...)#...........................


You could see 5 vault guards and a war gargoyle.

Vanquished Creatures
  Mara (Spider:3)
  5 juggernauts (Depths:4)
  Bai Suzhen (Swamp:4)
  4 caustic shrikes (Depths:4)
  Nikola (Vaults:2)
  3 golden dragons (Depths:4)
  Xtahua (Vaults:2)
  Jory (Vaults:3)
  The ghost of Xutext the Spry, an adept DsAK of Lugonu (Depths:3)
  2 tentacled monstrosities
  Rupert (D:13)
  A walking crystal tome (Depths:4)
  Zenata (Vaults:4)
  A walking earthen tome (Depths:4)
  3 liches (Depths:3)
  A walking frostbound tome (Depths:4)
  2 walking divine tomes (Depths:4)
  2 titans
  3 quicksilver dragons
  Frances (Swamp:1)
  2 thorn hunters (Swamp:3)
  4 sphinxes
  2 storm dragons
  Donald (Swamp:4)
  2 shadow dragons (Depths:4)
  3 tengu reavers (Depths:4)
  4 iron dragons (Depths:4)
  8 emperor scorpions
  2 fenstrider witches
  An orc warlord (Vaults:1)
  4 fire giants (Depths:4)
  A balrug (Depths:1)
  8 frost giants
  A deep elf sorcerer (Vaults:5)
  6 ghost moths
  5 vault wardens (Vaults:3)
  A draconian annihilator (Depths:4)
  11 very ugly things
  A broodmother (Lair:3)
  2 spriggan defenders (Depths:4)
  10 ironbound preservers
  8 ironbound thunderhulks
  5 stone giants
  6 vampire knights
  4 eleionomae
  16 dire elephants
  8 entropy weavers
  3 spark wasps
  2 bunyips (Swamp:3)
  6 ettins
  5 green deaths (Depths:3)
  A great orb of eyes (Vaults:3)
  9 fire dragons
  5 boulder beetles
  10 yaktaur captains
  2 jorogumos (Lair:3)
  3 ogre magi
  Erolcha (D:9)
  2 rakshasas
  8 ice dragons
  15 vault guards
  A ghost crab (Swamp:4)
  15 hydras
  2 hell beasts
  A spriggan air mage (Depths:4)
  A catoblepas (Lair:4)
  Erica (D:8)
  8 centaur warriors
  6 ironbound frosthearts
  15 two-headed ogres
  4 alligators
  5 radroaches
  4 deep troll shamans
  5 tengu warriors
  2 vampire magi
  7 spriggan berserkers
  2 hell hogs
  A deep troll earth mage (Depths:4)
  9 sun demons
  8 hell knights
  A storm dragon zombie (D:15)
  4 soul eaters
  A titan skeleton (Vaults:4)
  5 spriggans (Swamp:1)
  An iron troll (Depths:4)
  6 skeletal warriors
  A fire crab (Swamp:4)
  A salamander mystic (Depths:2)
  2 pharaoh ants
  A death drake (shapeshifter) (Depths:4)
  9 goliath frogs
  9 steelbarb worms
  10 orb spiders
  A bog body (Swamp:3)
  24 deep trolls
  2 glowing orange brains (Depths:4)
  5 phantasmal warriors
  An orange crystal statue (Arena)
  A swamp dragon (shapeshifter) (Depths:4)
  6 orc knights
  A spriggan druid (Swamp:2)
  4 wizards
  13 swamp dragons
  Pikel (D:4)
  A harpy (shapeshifter) (Depths:2)
  16 ironbound convokers
  12 lindwurms
  An orc sorcerer (Orc:1)
  3 salamanders
  3 deep elf pyromancers
  5 necromancers
  A fire giant zombie (Vaults:4)
  2 will-o-the-wisps (Swamp:4)
  29 ugly things
  13 wolf spiders
  A stone giant zombie (D:15)
  An oklob plant (Arena)
  9 cyclopes
  4 manticores
  18 elephants
  2 sphinx skeletons
  4 moths of wrath
  4 human zombies
  4 human skeletons
  A black mamba (Lair:4)
  A guardian serpent (Lair:3)
  A stone giant skeleton (Vaults:3)
  A frost giant skeleton (Vaults:3)
  A water nymph (Lair:3)
  6 vault sentinels
  A molten gargoyle (Swamp:4)
  4 smoke demons
  2 fire giant skeletons
  3 torpor snails
  A yaktaur zombie (Vaults:2)
  Psyche (D:11)
  18 cane toads
  3 unseen horrors
  Maggie (D:7)
  7 rime drakes
  14 yaktaurs
  3 tengu conjurers
  An ice devil (Depths:3)
  7 demonic crawlers
  A kobold demonologist (D:11)
  A komodo dragon (shapeshifter) (D:14)
  2 efreet (D:14)
  4 komodo dragons
  3 yaktaur skeletons (Vaults:3)
  2 elf skeletons (Vaults:3)
  A guardian mummy (Vaults:3)
  10 trolls
  A bloated husk (Swamp:4)
  9 tyrant leeches
  A red devil (Depths:3)
  A hellwing (Depths:3)
  6 meliai
  30 tarantellas
  5 hornets (Swamp:1)
  Grinder (D:3)
  51 slime creatures
  A polar bear (Lair:1)
  Prince Ribbit (D:6)
  A spriggan zombie (D:15)
  25 blink frogs
  A dream sheep (Lair:3)
  Sigmund (D:2)
  31 jumping spiders
  16 culicivoras
  A shadow (D:10)
  The ghost of NinjaNoafa the Magician, an amateur DEHW of Sif Muna (D:4)
  A wyvern (Lair:2)
  An ettin skeleton (Vaults:3)
  2 vampires
  A fire elemental (Depths:2)
  3 basilisks
  Grum (D:11)
  29 yaks
  2 wraiths
  62 redbacks
  40 vampire mosquitoes
  A human simulacrum (Vaults:3)
  7 steam dragons
  Menkaure (D:6)
  16 swamp worms
  10 water moccasins
  4 wargs
  Duvessa (D:6)
  2 glowing shapeshifter skeletons (Vaults:3)
  14 orc warriors
  4 swamp drakes (Swamp:4)
  An ogre skeleton (Vaults:3)
  An ice beast (shapeshifter) (Depths:4)
  2 black bears
  2 ice beasts
  3 sky beasts
  21 wolves
  11 centaurs
  20 ogres
  5 phantoms
  A kobold brigand (D:8)
  2 necrophages
  21 bullfrogs
  3 scorpions
  3 wights (D:6)
  Dowan (D:6)
  8 killer bees
  A troll zombie (D:10)
  3 electric eels
  8 howler monkeys
  A lava snake (Swamp:4)
  5 hounds
  2 jellies (D:8)
  7 orc priests
  Crazy Yiuf (D:3)
  Jessica (D:3)
  5 iguanas
  16 orc wizards
  A hell rat (Lair:3)
  4 yak simulacra (D:10)
  3 polar bear simulacra (D:10)
  2 wolf simulacra (D:10)
  5 ogre zombies (D:10)
  3 gnolls (D:3)
  10 adders
  3 shadow imps
  7 white imps
  3 ufetubi
  8 worms
  4 dart slugs
  61 orcs
  9 ball pythons
  3 bats
  7 endoplasms
  11 giant cockroaches
  13 goblins
  9 hobgoblins
  9 quokkas
  12 frilled lizards
  A goblin skeleton (D:10)
  4 goblin zombies (D:10)
  3 hobgoblin skeletons (D:10)
  A hobgoblin zombie (D:10)
  11 kobolds
  An orc skeleton (D:10)
  9 orc zombies (D:10)
  2 rats
  2 river rat simulacra (D:10)
  2 briar patches (Swamp:3)
  A butterfly (Lair:1)
1440 creatures vanquished.

Vanquished Creatures (others)
  A fire giant (Depths:2)
  An ironbound preserver (Vaults:4)
  2 great orbs of eyes (Vaults:2)
  An ironbound frostheart (Vaults:2)
  An alligator (Swamp:4)
  2 ironbound convokers (Vaults:2)
  A wizard (Vaults:2)
  A vault sentinel (Vaults:2)
  A bloated husk (Swamp:1)
  A steam dragon (Swamp:4)
  A redback (Spider:4)
  5 swamp drakes (Swamp:4)
  3 foxfires (Swamp:4)
  33 fungi
  83 plants
137 creatures vanquished.

Grand Total: 1577 creatures vanquished

Notes
Turn   | Place    | Note
-------+----------+-------------------------------------------
     0 | D:1      | greasedhog the Gargoyle Fighter began the quest for the
                  | Orb.
     0 | D:1      | Reached XP level 1. HP: 14/14 MP: 1/1
   438 | D:1      | Reached XP level 2. HP: 16/19 MP: 2/2
   914 | D:1      | Reached XP level 3. HP: 22/24 MP: 3/3
  1211 | D:2      | Noticed Sigmund
  1229 | D:2      | Killed Sigmund
  1230 | D:2      | Reached skill level 5 in Fighting
  1230 | D:2      | Reached XP level 4. HP: 11/31 MP: 4/4
  1230 | D:2      | Reached XP level 5. HP: 13/35 MP: 5/5
  1521 | D:2      | Reached XP level 6. HP: 34/40 MP: 6/6
  1926 | D:3      | Noticed Grinder
  1948 | D:3      | Killed Grinder
  1949 | D:3      | Reached skill level 5 in Maces & Flails
  2040 | D:3      | Reached XP level 7. HP: 47/47 MP: 7/7
  2048 | D:3      | Found a glowing drain.
  2052 | Sewer    | Entered a sewer
  3168 | D:3      | Found a faded altar of an unknown god.
  3269 | D:3      | Noticed Jessica
  3280 | D:3      | Killed Jessica
  3359 | D:3      | Found a runed translucent door.
  3360 | D:3      | Noticed Crazy Yiuf
  3473 | D:3      | Killed Crazy Yiuf
  4172 | D:4      | Reached XP level 8. HP: 48/53 MP: 8/8
  4384 | D:4      | Found a staircase to the Ecumenical Temple.
  4399 | Temple   | Entered the Ecumenical Temple
  4449 | Temple   | Became a worshipper of Warmaster Okawaru
  4505 | D:4      | Found a runed translucent door.
  4506 | D:4      | Noticed NinjaNoafa's ghost (amateur DEHW)
  4750 | D:4      | Found an ornate altar of the Wu Jian Council.
  4750 | D:4      | Noticed Pikel
  4773 | D:4      | Killed Pikel
  4773 | D:4      | Reached * piety under Okawaru
  5093 | D:4      | Found a runed translucent door.
  5258 | D:4      | Found a snail-covered altar of Cheibriados.
  5627 | D:4      | Killed NinjaNoafa's ghost
  5872 | D:5      | Entered Level 5 of the Dungeon
  5951 | D:5      | Reached ** piety under Okawaru
  5952 | D:5      | Reached XP level 9. HP: 41/61 MP: 9/9
  6880 | D:5      | Reached skill level 10 in Fighting
  7394 | D:6      | Reached skill level 1 in Invocations
  7595 | D:6      | Noticed Menkaure
  7603 | D:6      | Killed Menkaure
  7603 | D:6      | Reached *** piety under Okawaru
  7735 | D:6      | Noticed Duvessa
  7735 | D:6      | Noticed Dowan
  7760 | D:6      | Killed Duvessa
  7770 | D:6      | Killed Dowan
  7957 | D:6      | Noticed Prince Ribbit
  7978 | D:6      | Killed Prince Ribbit
  8134 | D:6      | Reached skill level 5 in Armour
  8204 | D:6      | Reached XP level 10. HP: 62/68 MP: 12/12
  8288 | D:6      | Found a sparkling altar of Nemelex Xobeh.
  8378 | D:6      | Found a white marble altar of Elyvilon.
  8914 | D:6      | Reached **** piety under Okawaru
  9029 | D:6      | Reached skill level 10 in Maces & Flails
  9061 | D:6      | Reached skill level 1 in Dodging
  9061 | D:6      | Reached skill level 5 in Invocations
  9397 | D:7      | Noticed Maggie
  9417 | D:7      | Killed Maggie
  9530 | D:7      | Found an opulent altar of Gozag.
  9921 | D:8      | Found a bloodstained altar of Trog.
 10244 | D:8      | Noticed Erica
 10268 | D:8      | Killed Erica
 10695 | D:8      | Found a blossoming altar of Fedhas.
 10877 | D:8      | Reached ***** piety under Okawaru
 11215 | D:9      | Reached XP level 11. HP: 72/72 MP: 16/16
 11233 | D:9      | Noticed Erolcha
 11279 | D:9      | HP: 1/72 [something (21)]
 11316 | D:9      | Killed Erolcha
 11821 | D:9      | Found a stormy altar of Qazlal.
 11831 | D:9      | Noticed a deep elf pyromancer
 11860 | D:9      | Killed a deep elf pyromancer
 12142 | D:9      | Found a staircase to the Lair.
 12632 | D:10     | Entered Level 10 of the Dungeon
 12632 | D:10     | Noticed a deep elf pyromancer
 12632 | D:10     | Found a runed translucent gate.
 12632 | D:10     | Found a runed translucent gate.
 12632 | D:10     | Found a runed translucent gate.
 12632 | D:10     | Found an opulent altar of Gozag.
 12638 | D:10     | Noticed Godmorgon's ghost (journeyman GnWn)
 12638 | D:10     | Noticed a centaur warrior
 12655 | D:10     | Found a flagged portal.
 12671 | Bailey   | Entered a bailey
 13160 | Bailey   | Noticed an orc knight
 13197 | D:10     | Acquired the +13 plate armour of Decompression {rElec
                  | Dex+3}
 13505 | D:10     | Reached skill level 5 in Dodging
 13524 | D:10     | Found a staircase to the Orcish Mines.
 14121 | D:10     | Found a broken altar of Ashenzari.
 14228 | D:10     | Found Yhoteig's Magic Scroll Boutique.
 14239 | D:10     | Bought a scroll of teleportation for 36 gold pieces
 14239 | D:10     | Bought a scroll of identify for 24 gold pieces
 14239 | D:10     | Bought a scroll of teleportation for 36 gold pieces
 14239 | D:10     | Bought a scroll of identify for 24 gold pieces
 14239 | D:10     | Bought a scroll of teleportation for 36 gold pieces
 14239 | D:10     | Bought a scroll of identify for 24 gold pieces
 14317 | D:10     | Noticed a necromancer
 14330 | D:10     | Killed a necromancer
 14390 | D:10     | Reached skill level 4 in Shields
 14405 | D:10     | Received a gift from Okawaru
 14775 | Lair:1   | Entered Level 1 of the Lair of Beasts
 14828 | Lair:1   | Noticed a four-headed hydra
 14852 | Lair:1   | Killed a four-headed hydra
 14852 | Lair:1   | Received a gift from Okawaru
 15027 | Lair:1   | Reached skill level 5 in Shields
 15071 | Lair:1   | Reached XP level 12. HP: 65/77 MP: 18/18
 16086 | Lair:2   | Found the +4 skin of Zhor {*Englaciate rC+++ SInv}
 16155 | Lair:2   | Reached skill level 6 in Shields
 16287 | Lair:2   | Reached skill level 10 in Invocations
 16295 | Lair:2   | Identified the +0 pair of boots of Qiefus {rC+ Dex+2}
                  | (Okawaru gifted it to you on level 2 of the Lair of Beasts)
 16295 | Lair:2   | Received a gift from Okawaru
 16655 | Lair:2   | Found a staircase to the Swamp.
 16677 | Lair:2   | Reached skill level 7 in Shields
 17188 | Lair:2   | Reached skill level 8 in Shields
 17855 | Lair:3   | Noticed a five-headed hydra
 17870 | Lair:3   | Killed a five-headed hydra
 18025 | Lair:3   | Noticed a boulder beetle
 18038 | Lair:3   | Noticed a boulder beetle
 18048 | Lair:3   | a boulder beetle changed into a water nymph
 18084 | Lair:3   | Noticed a broodmother
 18084 | Lair:3   | a boulder beetle changed into a broodmother
 18526 | Lair:3   | Killed a broodmother
 18527 | Lair:3   | Reached skill level 9 in Shields
 19130 | Lair:3   | Noticed a seven-headed hydra
 19142 | Lair:3   | Killed a seven-headed hydra
 19143 | Lair:3   | Reached XP level 13. HP: 64/82 MP: 22/22
 19265 | Lair:3   | Found a hole to the Spider Nest.
 19642 | Lair:3   | Found the +3 pair of seven-league boots {Rampage+∞}
 19654 | Lair:3   | Reached skill level 10 in Shields
 19923 | Lair:4   | Received a gift from Okawaru
 20023 | Lair:4   | Received a gift from Okawaru
 20421 | Lair:4   | Reached skill level 11 in Shields
 20664 | Lair:4   | Reached ****** piety under Okawaru
 20686 | Lair:4   | Identified the +5 mace of the Beginning {vorpal, rC+ Str+4
                  | SInv} (Okawaru gifted it to you on level 4 of the Lair of
                  | Beasts)
 20686 | Lair:4   | Received a gift from Okawaru
 20865 | Arena    | Entered the Arena
 21424 | Lair:5   | Entered Level 5 of the Lair of Beasts
 21900 | Lair:4   | Reached skill level 1 in Evocations
 22675 | Lair:5   | Gained mutation: Your large and strong wings let you fly.
                  | [Gargoyle growth]
 22675 | Lair:5   | Reached XP level 14. HP: 88/88 MP: 24/24
 22811 | Lair:5   | Found a viscous altar of Jiyva.
 22811 | Lair:5   | Found a staircase to the Slime Pits.
 22954 | Lair:5   | Identified the +11 eveningstar "Nujergho" {drain, Dex+3}
                  | (Okawaru gifted it to you on level 5 of the Lair of Beasts)
 22954 | Lair:5   | Received a gift from Okawaru
 22974 | Lair:5   | Reached skill level 5 in Evocations
 23320 | Lair:5   | Got Dispater's Reference Book on the Salvo and the Flock
 24075 | Orc:1    | Entered Level 1 of the Orcish Mines
 24213 | D:10     | Identified the +0 robe of the Marlin {Fly Int+2 Stlth+}
                  | (Okawaru gifted it to you on level 10 of the Dungeon)
 24213 | D:10     | Received a gift from Okawaru
 24529 | Orc:2    | Entered Level 2 of the Orcish Mines
 24557 | Orc:2    | Found a staircase to the Elven Halls.
 24559 | Orc:2    | Reached skill level 10 in Armour
 25826 | Orc:2    | Reached XP level 15. HP: 77/92 MP: 25/25
 25942 | Orc:2    | Found Puqi's Antique Weapon Shop.
 25968 | Orc:2    | Found Anisad's Antique Armour Boutique.
 25969 | Orc:2    | Found Qecritil's Weapon Boutique.
 25970 | Orc:2    | Found Ycsaot's Distillery.
 25988 | Orc:2    | Bought a potion of curing for 42 gold pieces
 25988 | Orc:2    | Bought a potion of might for 56 gold pieces
 25988 | Orc:2    | Bought a potion of might for 56 gold pieces
 25988 | Orc:2    | Bought a potion of ambrosia for 112 gold pieces
 25993 | Orc:2    | Bought a pair of glowing gloves for 262 gold pieces
 26004 | Orc:2    | Bought a runed helmet for 262 gold pieces
 26389 | Spider:1 | Entered Level 1 of the Spider Nest
 26623 | Lair:3   | Identified the +1 pair of gloves of Rotation {Dex+3}
                  | (Okawaru gifted it to you on level 3 of the Lair of Beasts)
 26623 | Lair:3   | Received a gift from Okawaru
 28763 | Spider:2 | Reached skill level 10 in Evocations
 29176 | Spider:2 | Noticed a ghost moth
 29184 | Spider:2 | Killed a ghost moth
 30727 | Spider:2 | Identified the +2 cloak of Sehec {Dex+5} (Okawaru gifted it
                  | to you on level 2 of the Spider Nest)
 30727 | Spider:2 | Received a gift from Okawaru
 30781 | Spider:3 | Reached skill level 15 in Maces & Flails
 30797 | Spider:3 | Reached XP level 16. HP: 67/100 MP: 26/26
 31312 | Spider:3 | Noticed Mara
 31318 | Spider:3 | Noticed greasedhog's illusion
 31338 | Spider:3 | Killed Mara
 31644 | Spider:4 | Entered Level 4 of the Spider Nest
 32056 | Spider:4 | Received a gift from Okawaru
 32918 | Spider:3 | Reached skill level 12 in Shields
 33264 | Spider:4 | Identified the +7 morningstar of Bread {vorpal, rN+}
                  | (Okawaru gifted it to you on level 4 of the Spider Nest)
 33264 | Spider:4 | Received a gift from Okawaru
 33266 | Spider:4 | Found the +2 hood of the Assassin {Detection Stab+ Stlth++}
 33293 | Spider:4 | Got a gossamer rune of Zot
 33538 | Swamp:1  | Entered Level 1 of the Swamp
 33707 | Swamp:1  | Reached XP level 17. HP: 91/111 MP: 27/27
 34061 | Swamp:1  | Reached skill level 13 in Shields
 34148 | Swamp:1  | Identified the +7 flail of the Manifold Places {protect,
                  | Dex+4} (Okawaru gifted it to you on level 1 of the Swamp)
 34148 | Swamp:1  | Received a gift from Okawaru
 34189 | Swamp:1  | Noticed Frances
 34208 | Swamp:1  | Killed Frances
 34557 | Swamp:2  | Paralysed by a fenstrider witch for 2 turns
 34560 | Swamp:2  | Paralysed by a fenstrider witch for 3 turns
 35131 | Swamp:2  | Reached skill level 15 in Fighting
 35981 | Swamp:3  | Reached skill level 14 in Shields
 36665 | Swamp:4  | Entered Level 4 of the Swamp
 36991 | Swamp:4  | Noticed Donald
 37008 | Swamp:4  | Killed Donald
 37203 | Swamp:4  | Received a gift from Okawaru
 37441 | Swamp:4  | Got a decaying rune of Zot
 37475 | Swamp:4  | Noticed Bai Suzhen
 37501 | Swamp:4  | Killed Bai Suzhen
 37502 | Swamp:4  | Reached skill level 15 in Shields
 38385 | D:11     | Reached XP level 18. HP: 119/119 MP: 28/28
 38392 | D:11     | Noticed Grum
 38404 | D:11     | Killed Grum
 38416 | D:11     | Noticed Psyche
 38421 | D:11     | Killed Psyche
 38670 | D:12     | Identified the +1 ring mail of Failure {Stlth+} (Okawaru
                  | gifted it to you on level 12 of the Dungeon)
 38670 | D:12     | Received a gift from Okawaru
 39355 | D:13     | Noticed Rupert
 39360 | D:13     | Killed Rupert
 39908 | D:14     | Reached skill level 16 in Shields
 40030 | D:14     | Found a gate to the Vaults.
 40107 | D:14     | Found a runed translucent gate.
 40107 | D:14     | Found a runed translucent gate.
 40107 | D:14     | Found a runed translucent gate.
 40149 | D:14     | Noticed Qymaymp's ghost (adept GrEE)
 40587 | D:15     | Entered Level 15 of the Dungeon
 41017 | D:15     | Found a staircase to the Depths.
 41653 | Vaults:1 | Entered Level 1 of the Vaults
 41800 | Vaults:1 | Reached skill level 17 in Shields
 41861 | Vaults:1 | Received a gift from Okawaru
 41990 | Vaults:1 | Reached skill level 15 in Armour
 42371 | Vaults:1 | Identified the +8 war axe of the Glimmering Gods {vorpal,
                  | rElec Will+ Dex-3 Stlth+}
 42479 | Vaults:1 | Identified the +2 robe of Disappointment {Rampage rF- rCorr
                  | Str+4} (Okawaru gifted it to you on level 1 of the Vaults)
 42479 | Vaults:1 | Received a gift from Okawaru
 42485 | Vaults:1 | Reached XP level 19. HP: 92/124 MP: 29/29
 43266 | Vaults:1 | Reached skill level 18 in Shields
 44026 | Vaults:2 | Noticed Xtahua
 44028 | Vaults:2 | Paralysed by Xtahua for 5 turns
 44049 | Vaults:2 | Noticed Nikola
 45007 | Vaults:2 | Killed Nikola
 45019 | Vaults:2 | Killed Xtahua
 45471 | Vaults:3 | Found a gateway to a bazaar.
 45564 | Bazaar   | Entered a bazaar
 45571 | Bazaar   | Found Fuujihan's Antique Weapon Shop.
 45585 | Bazaar   | Found Nuymuit's Antique Armour Boutique.
 45613 | Bazaar   | Found Iriruta's Assorted Antiques.
 45621 | Bazaar   | Bought 3 scrolls of identify for 96 gold pieces
 45627 | Bazaar   | Found Atroelux's Weapon Shop.
 45649 | Bazaar   | Bought a potion of curing for 48 gold pieces
 45678 | Bazaar   | Found Gothoc's Jewellery Shop.
 45686 | Bazaar   | Bought an amulet of reflection for 450 gold pieces
 45686 | Bazaar   | Bought a ring of willpower for 375 gold pieces
 45686 | Bazaar   | Bought a ring of resist corrosion for 300 gold pieces
 45978 | Vaults:3 | Identified the +0 animal skin of Past Mistakes {+Blink
                  | Slay+2} (Okawaru gifted it to you on level 3 of the Vaults)
 45978 | Vaults:3 | Received a gift from Okawaru
 46353 | Vaults:3 | Reached skill level 19 in Shields
 46813 | Vaults:3 | Found a staircase to the Crypt.
 46884 | Arena    | Entered the Arena
 47026 | Arena    | Entered the Arena
 47052 | Vaults:3 | Noticed Jory
 47093 | Vaults:3 | Killed Jory
 47119 | Vaults:3 | Reached XP level 20. HP: 68/129 MP: 28/30
 47489 | Vaults:3 | Found a portal to a secret trove of treasure.
 47495 | Vaults:3 | You paid a toll of a +8 demon whip to enter a treasure
                  | trove
 47496 | Trove    | Entered a treasure trove
 47501 | Trove    | Found the +3 pair of gauntlets of War {Slay+5}
 47503 | Trove    | Identified the +0 hat "Yshrann" {rElec Str+2}
 47519 | Trove    | Identified the +0 scale mail of Xiruyfar {Will+ Str+2
                  | Stlth+}
 47524 | Trove    | Identified the amulet "Zetsurif" {Spirit *Slow +Blink rN+
                  | SInv}
 48090 | Vaults:4 | Found Etwole's Assorted Antiques.
 48099 | Vaults:4 | Bought a glowing pink potion for 24 gold pieces
 48179 | Vaults:4 | Noticed Zenata
 48189 | Vaults:4 | Killed Zenata
 48358 | Vaults:4 | Reached skill level 20 in Shields
 48471 | Vaults:4 | Reached skill level 10 in Dodging
 48785 | Vaults:4 | Received a gift from Okawaru
 49282 | Depths:1 | Entered Level 1 of the Depths
 50057 | Depths:1 | Found a gateway to Hell.
 50148 | Depths:1 | Got Sif Muna's Octavo of Grim Displacement
 50185 | Depths:1 | Found a glowing golden altar of the Shining One.
 50211 | Depths:1 | Found a one-way gate to the infinite horrors of the Abyss.
 50270 | Depths:1 | You are sucked into a shaft and drop 1 floor!
 50272 | Depths:2 | Found a one-way gate leading to the halls of Pandemonium.
 50546 | Depths:2 | Received a gift from Okawaru
 50556 | Depths:2 | Reached skill level 21 in Shields
 51302 | Depths:2 | Reached XP level 21. HP: 80/134 MP: 31/31
 52055 | Depths:3 | Found a large runed translucent door.
 52055 | Depths:3 | Found a large runed translucent door.
 52055 | Depths:3 | Noticed Xutext's ghost (adept DsAK)
 52306 | Depths:3 | Identified the +1 scale mail of the Spheres {MP+9} (Okawaru
                  | gifted it to you on level 3 of the Depths)
 52306 | Depths:3 | Received a gift from Okawaru
 52370 | Depths:3 | Gained mutation: You occasionally lose the ability to drink
                  | potions when taking damage. [potion of mutation]
 52370 | Depths:3 | Gained mutation: You have a pair of small horns on your
                  | head. [potion of mutation]
 52370 | Depths:3 | Gained mutation: Your muscles are strong. (Str +4, Int/Dex
                  | -1) [potion of mutation]
 52371 | Depths:3 | Lost mutation: You have a pair of small horns on your head.
                  | [potion of mutation]
 52371 | Depths:3 | Lost mutation: Your muscles are strong. (Str +4, Int/Dex
                  | -1) [potion of mutation]
 52371 | Depths:3 | Gained mutation: You sometimes lose your temper in combat.
                  | [potion of mutation]
 52371 | Depths:3 | Gained mutation: Your spells are a little harder to cast,
                  | but a little more powerful. [potion of mutation]
 52372 | Depths:3 | Lost mutation: You occasionally lose the ability to drink
                  | potions when taking damage. [potion of mutation]
 52372 | Depths:3 | Lost mutation: Your spells are a little harder to cast, but
                  | a little more powerful. [potion of mutation]
 52372 | Depths:3 | Gained mutation: You are partially covered in large bone
                  | plates. (SH +4) [potion of mutation]
 52372 | Depths:3 | Gained mutation: You have a pair of small horns on your
                  | head. [potion of mutation]
 52607 | Depths:3 | Identified the +5 broad axe "Jaob" {freeze, Dex+4}
 53127 | Depths:3 | Killed Xutext's ghost
 53282 | Depths:4 | Entered Level 4 of the Depths
 53654 | Depths:4 | Found a one-way gateway to a ziggurat.
 53661 | Depths:4 | Found a basalt altar of Yredelemnul.
 53661 | Depths:4 | Found a sparkling altar of Nemelex Xobeh.
 53663 | Depths:4 | Found a hide-covered altar of Uskayaw.
 53925 | Depths:4 | Found a gate to the Realm of Zot.
 54142 | Depths:4 | Noticed a juggernaut
 54149 | Depths:4 | Killed a juggernaut
 54365 | Depths:4 | Noticed a juggernaut
 54379 | Depths:4 | Killed a juggernaut
 54384 | Depths:4 | Noticed a golden dragon
 54397 | Depths:4 | Killed a golden dragon
 54533 | Depths:4 | Received a gift from Okawaru
 54534 | Depths:4 | Noticed a juggernaut
 54545 | Depths:4 | Killed a juggernaut
 54899 | Depths:4 | Noticed a caustic shrike
 54910 | Depths:4 | Killed a caustic shrike
 54921 | Depths:4 | Reached XP level 22. HP: 96/145 MP: 26/32
 54939 | Depths:4 | Identified the +0 chain mail of Pantheism {rN+}
 54968 | Depths:4 | Noticed a juggernaut
 54974 | Depths:4 | Identified the +1 ring mail of the Moon {*Corrode Int+6
                  | Dex+8 Stlth+}
 54988 | Depths:4 | Noticed a juggernaut
 55026 | Depths:4 | Killed a juggernaut
 55039 | Depths:4 | Killed a juggernaut
 55057 | Depths:4 | Paralysed by a vampire knight for 5 turns
 55305 | Depths:4 | Identified the +2 short sword of Pekki {freeze, rF+ rC-
                  | Int+2}
 55319 | Depths:4 | Got the Spellbook of Putrid Thermatology
 55341 | Depths:4 | Identified the +8 chain mail of Bedevilment {+Blink rPois
                  | Str+2}
 55436 | Depths:4 | Noticed a caustic shrike
 55442 | Depths:4 | Killed a caustic shrike
 55570 | Depths:4 | Noticed a caustic shrike
 55579 | Depths:4 | Killed a caustic shrike
 55646 | Depths:4 | Noticed a caustic shrike
 55651 | Depths:4 | Killed a caustic shrike
 55785 | Depths:4 | Noticed a golden dragon
 55803 | Depths:4 | Killed a golden dragon
 55921 | Depths:4 | Noticed a golden dragon
 55930 | Depths:4 | Killed a golden dragon
 55941 | Depths:4 | Received a gift from Okawaru
 56430 | Vaults:5 | Entered Level 5 of the Vaults
 56430 | Vaults:5 | Noticed an ancient lich
 56480 | Vaults:4 | Killed from afar by an ancient lich

Illustrated notes

Levels and vault maps discovered:
D:1:      erik_arrival_orb_chamber, layout_rooms
D:2:      layout_loops_ring, uniq_sigmund
D:3:      layout_loops_corners, gup_sewer_entry_bowl,
          dreamdust_ecumenical_altar_grove, uniq_grinder,
          uniq_crazy_yiuf_cottage, uniq_jessica
D:4:      layout_loops_ring, kennysheep_little_box, cheibrodos_worm_habitat,
          temple_pool_b, ebering_ghost_sewer_f, st_stairs_4, uniq_pikel
D:5:      kennysheep_steamy, layout_loops_ring, minmay_misc_feat_ornament
D:6:      minmay_chambers_of_fours, layout_loops_ring,
          mainiacjoe_overflow_paths, lemuel_round_altar,
          hangedman_decor_riveting, uniq_menkaure, uniq_prince_ribbit1,
          uniq_duvessa
D:7:      layout_cave_pools, mainiacjoe_overflow_alcove_1, grunt_ministairs_2,
          uniq_maggie
D:8:      layout_basic, fedhas_altar_4, bloody_trog,
          chequers_serial_rivers_small_a, uniq_erica
D:9:      nicolae_cairo_tiling_large_dashed, layout_stronghold,
          nicolae_qazlal_style_of_elements, erik_lair_orcish_takeover,
          billiards_dpeg, uniq_erolcha
D:10:     layout_basic, marbit_many_paths, zombieorc1_lemuel, serial_shops,
          shop, ebering_ghost_gozag, enter_bailey_3, eino_house_with_fridge
D:11:     layout_rooms, uniq_grum, uniq_psyche
D:12:     layout_cave_pools, patterned_corridor
D:13:     layout_basic, drop_trap, uniq_rupert
D:14:     layout_cave_pools, skrybe_vaults_entry_preservation,
          gammafunk_ghost_spectres
D:15:     gammafunk_depths_entry_grave, layout_stronghold,
          nicolae_figureground_sparkle, drop_trap
Temple:   cyrus_circular_temple
Lair:1:   layout_long_grid, lemuel_fruit_fields
Lair:2:   layout_long_grid, minmay_swamp_entry_swarm,
          hellmonk_guarded_unrand_zhor, infiniplex_staircase_pool_2,
          grunt_megastairs_3
Lair:3:   layout_regular_city, spider_nest_entry_webs,
          hellmonk_guarded_unrand_seven_league_boots
Lair:4:   layout_roguey, nicolae_volcano_entry_vermiform, serial_bayou_shore_b,
          grunt_megastairs_1, infiniplex_staircase_pool
Lair:5:   minmay_lair_end_frog_pond, layout_cave_pods,
          dpeg_slime_entry_enclosed, portal_ice_cave_entry_pillars_1
Swamp:1:  layout_basic_swamp, evilmike_swamp_ruin_house_4, swamp_pool3,
          cheibrodos_swamp_witchery, uniq_frances
Swamp:2:  layout_basic_swamp, evilmike_swamp_ruin_house_3, swamp_pool3
Swamp:3:  layout_falls_marsh, nicolae_swamp_well_well_well,
          nicolae_swamp_catching_bugs
Swamp:4:  swamp_fiery, layout_basic_swamp, swamp_pool2, uniq_bai_suzhen,
          uniq_donald
Spider:1: layout_spider_delve, drop_trap
Spider:2: layout_chambers
Spider:3: layout_spider_delve, uniq_mara
Spider:4: grunt_spider_rune_circles, spiders_nest_the_unseen
Orc:1:    layout_caves
Orc:2:    st_orc_open, layout_caves, rock_pile
Vaults:1: v_misc_11, nicolae_vaults_yaktaur_gun_rack, v_misc_30, v_pattern_3,
          vaults_room_pool, ontoclasm_vaults_gateway, vaults_dpeg_diagonal,
          layout_vaults_quadrants
Vaults:2: ontoclasm_vaults_tryst, hangedman_vaults_pinch, v_misc_9,
          ontoclasm_vaults_eye, hangedman_vaults_slice, hangedman_vaults_impose,
          nicolae_vaults_rhombus_6, ontoclasm_vaults_decontamination,
          vaults_dpeg_encased_lava, vaults_room_stairs_pillars,
          layout_vaults_omnicross, uniq_nikola, uniq_xtahua
Vaults:3: nicolae_vaults_network_quinsquares
          [nicolae_vaults_network_quincunx_subvault,
          nicolae_vaults_network_quincunx_subvault,
          nicolae_vaults_network_quincunx_subvault,
          nicolae_vaults_network_quincunx_subvault],
          minmay_crypt_entry_skeletal_spiral, nicolae_vaults_border_crossing,
          vaults_room_fancy_cross, vaults_standard_mumra_x,
          nicolae_vaults_statue_guard, v_alt_pattern_1, ontoclasm_vaults_pinch,
          nicolae_vaults_network_quincunx
          [nicolae_vaults_network_quincunx_subvault,
          nicolae_vaults_network_quincunx_subvault,
          nicolae_vaults_network_quincunx_subvault,
          nicolae_vaults_network_quincunx_subvault,
          nicolae_vaults_network_quincunx_subvault],
          nicolae_vaults_diagonal_hallway_8, v_misc_29,
          nicolae_vaults_ring_of_whatevers, serial_ice_b,
          layout_vaults_maze_snakey, serial_shops, bzr_entry_lakeside,
          nicolae_trove_entry_path_of_doom, uniq_jory
Vaults:4: nicolae_vaults_what_the_h, vaults_dpeg_ring,
          ontoclasm_vaults_ring_small, vaults_room_fours, v_misc_13,
          ontoclasm_vaults_hangar, ontoclasm_vaults_ring_square,
          vaults_room_semicircle, vaults_mumra_hexcomb,
          nicolae_vaults_little_squares_6, layout_vaults_ring, serial_shops,
          nicolae_shop_crystal, uniq_zenata
Vaults:5
Depths:1: layout_big_octagon, grunt_pan_entry_spiral, hellmouth_2,
          kennysheep_crisscross, hangedman_abyss_entry_splay, tso_altar
Depths:2: kennysheep_big_flooded_room, layout_cave_shapes, pan_entry,
          hellmouth_3, grunt_megastairs_2
Depths:3: cheibrodos_poisonous_passages, layout_cave_shapes,
          rand_demon_pan_entry_3, abyss_entry, serial_sigils_hangedman_etch,
          ebering_ghost_disaster_area, pf_coc_iceberg,
          infiniplex_staircase_squiggle
Depths:4: hangedman_slaughterboxes, hell_entry

Skill      XL: |  1  2  3  4  5  6  7  8  9 10 11 12 13 14 15 16 17 18 19 20 21 22 |
---------------+-------------------------------------------------------------------+-----
Fighting       | 4 5 6 7 9 10 11 14 15 17 18 | 18.7
Maces & Flails | 4 5 6 8 9 10 12 15 16 | 16.0
Invocations    | 3 6 9 12 14 | 14.1
Armour         | 5 6 7 10 12 15 | 15.1
Dodging        | 3 5 9 11 13 14 | 14.9
Shields        | 5 9 11 12 15 17 19 21 | 21.5
Evocations     | 3 8 10 | 10.0

Action                   |  1- 3 |  4- 6 |  7- 9 | 10-12 | 13-15 | 16-18 | 19-21 | 22-24 || total
-------------------------+-------+-------+-------+-------+-------+-------+-------+-------++-------
Melee: Flail             |    98 |    27 |   242 |       |       |       |       |       ||   367
       Whip              |       |       |   367 |  1508 |   420 |       |       |       ||  2295
       Mace              |       |       |       |       |   320 |       |       |       ||   320
       Eveningstar       |       |       |       |       |   630 |  1359 |  1473 |   224 ||  3686
       Headbutt          |       |       |       |       |       |       |    91 |    72 ||   163
Invok: Heroism           |       |       |       |    11 |     8 |     7 |     9 |     4 ||    39
       Finesse           |       |       |       |     6 |     6 |     6 |     8 |     4 ||    30
       Duel              |       |       |       |       |     1 |       |     2 |       ||     3
Evoke: Wand              |       |       |     2 |     5 |       |     1 |     4 |       ||    12
  Use: Scroll            |     4 |       |     5 |    14 |     2 |    13 |     3 |     6 ||    47
       Potion            |     2 |       |     7 |     5 |     3 |     5 |     5 |       ||    27
 Stab: Distracted        |       |       |       |       |       |       |     1 |       ||     1
Armor: Scale mail        |    46 |     3 |    72 |       |       |       |       |       ||   121
       Skin              |       |       |     3 |       |       |       |       |       ||     3
       Chain mail        |       |       |   140 |   277 |       |       |       |       ||   417
       Plate armour      |       |       |       |   440 |  1291 |   950 |   482 |   110 ||  3273
Dodge: Dodged            |    43 |    13 |   309 |   749 |   779 |   437 |   303 |    82 ||  2715
Block: Buckler           |    20 |     4 |    92 |   269 |   580 |       |       |       ||   965
       Tower shield      |       |       |       |       |   127 |  1733 |  1500 |   289 ||  3649
       Reflection        |       |       |       |       |       |       |    40 |       ||    40
